 Dungeon Crawl Stone Soup version 0.31-a0-1370-gf52a5a9ab3 (webtiles) character file.

Game seed: 5582187193121597700

681 gohu the Cudgeller (level 7, -1/63 HPs)
             Began as a Minotaur Fighter on Dec 23, 2023.
             Was an Initiate of Okawaru.
             Killed from afar by Sigmund (6 damage)
             ... with a magic dart
             ... on level 4 of the Dungeon.
             The game lasted 00:09:16 (3791 turns).

gohu the Cudgeller (Minotaur Fighter)               Turns: 3791, Time: 00:09:16

Health: -1/63      AC:  7    Str: 23    XL:     7   Next: 34%
Magic:  6/6        EV:  9    Int:  5    God:    Okawaru [......]
Gold:   292        SH:  5    Dex:  9    Spells: 6/6 levels left

rFire   . . .        a - +0 flail
rCold   . . .        c - +1 buckler
rNeg    . . .        b - +0 scale mail
rPois   .            (helmet restricted)
rElec   .            (no cloak)
rCorr   .            (no gloves)
SInv    .            (no boots)
Will    .....        (no amulet) Stlth
                     (no ring)
HPRegen 0.30/turn    (no ring)
MPRegen 0.10/turn

%: no passive effects
@: no status effects
A: horns 2, retaliatory headbutt
a: Renounce Religion


You were on level 4 of the Dungeon.
You worshipped Okawaru.
Okawaru was noncommittal.
You visited 2 branches of the dungeon, and saw 6 of its levels.
You also visited: Sewer.

You collected 292 gold pieces.

Inventory:

Hand Weapons
 a - a +0 flail (weapon)
Missiles
 t - 6 javelins
 v - 4 boomerangs (quivered)
Armour
 b - a +0 scale mail (worn)
 c - a +1 buckler (worn)
 f - a scarf of harm
Jewellery
 x - a ring of ice
 A - an amulet of magic regeneration
Scrolls
 e - 2 scrolls of enchant armour
 g - 5 scrolls of identify {unknown}
 j - 3 scrolls of teleportation {unknown}
 l - a scroll of noise {unknown}
 m - a scroll of poison {unknown}
 n - a scroll of acquirement {unknown}
 o - a scroll of fear {unknown}
 p - 2 scrolls of silence {unknown}
 q - 2 scrolls of blinking {unknown}
 y - a scroll of amnesia {unknown}
Potions
 d - 2 potions of invisibility {unknown}
 h - 2 potions of resistance {unknown}
 i - a potion of mutation {unknown}
 k - 2 potions of heal wounds {unknown}
 r - a potion of attraction {unknown}
 s - a potion of might
 u - 3 potions of curing {unknown}
 w - a potion of experience {unknown}
 z - a potion of ambrosia {unknown}


   Skills:
 * Level 6.1 Fighting
 * Level 7.4 Maces & Flails
 + Level 0.1 Throwing
 + Level 4.8 Armour
 + Level 4.7 Shields


You had 6 spell levels left.
You didn't know any spells.
Your spell library contained the following spells:

 Spells                   Type           Power      Damage    Failure   Level
 Apportation              Tloc           0%         N/A       83%         1
 Necrotise                Necr           0%         1d4       83%         1
 Sting                    Conj/Alch      0%         1d3       83%         1
 Summon Small Mammal      Summ           Unusable   N/A       N/A         1

Dungeon Overview and Level Annotations

Branches:
Dungeon (5/15)             Temple (1/1) D:4           Sewer (visited)

Altars:
Ashenzari
Cheibriados
Dithmenos
Elyvilon
Hepliaklqana
Kikubaaqudgha
Nemelex Xobeh
Okawaru
Qazlal
Ru
Trog
Vehumet
Wu Jian
Xom
Yredelemnul

Annotations:
D:4 Sigmund


Innate Abilities, Weirdness & Mutations

You have a pair of horns on your head.
You reflexively headbutt those who attack you in melee.


Message History

Level annotation: Sigmund
There is a stone staircase leading up here.
You see here a hobgoblin skeleton.
There is an open door here.
Things that are here:
a +0 robe; a +0 dagger; a +0 club
Things that are here:
5 stones; a +0 dagger
There is an open door here.
There is an open door here.
There is a stone staircase leading down here.
You climb downwards.
You block the ogre's attack.
The centaur shoots an arrow.
The arrow hits you. The adder barely misses you.
The centaur shoots an arrow.
You block the arrow. The adder barely misses you.
There is a stone staircase leading up here.
You sock the ogre! You headbutt the ogre!
The ogre is severely wounded.
The ogre hits you with a +0 giant club!!
The centaur shoots an arrow.
The arrow hits you! The adder closely misses you. You furiously retaliate!
You headbutt the adder.
The centaur shoots an arrow.
The arrow hits you.
* * * LOW HITPOINT WARNING * * *
The adder closely misses you. You furiously retaliate!
You headbutt the adder.
The centaur shoots an arrow.
You block the arrow. The ogre barely misses you.
You climb upwards.
Level annotation: Sigmund
There is a stone staircase leading down here.
The adder bites you but does no damage. The adder barely misses you.
The ogre attacks as it pursues you! The ogre hits you with a +0 giant club!
* * * LOW HITPOINT WARNING * * *
The adder bites you but does no damage. The adder attacks as it pursues you!
The adder bites you but does no damage. x2
There is an open door here.
Sigmund shouts!
The adder attacks as it pursues you! The adder bites you but does no damage.
The adder attacks as it pursues you! The adder bites you but does no damage.
Sigmund casts a spell at you. The magic dart hits you.
You die...
Sigmund begins carving another notch in his scythe.

'..#.....#...'.....#..#.......###
.....#.#.....#.....####.......###
.............##......#####'#.....
....#####.....#......#.....#.....
...#+####.....#..)...#.....+.....
...#..........#......#.....#.....
...#...##...###......####..#.....
...#...##'###...S#'###.##########
...#........#...@#....>....#.....
...#........#....#.O.......+.....
...#'####...#....###...##..##....
........###†###....#...##..##....
).......#.....#....#.............
........#.....#.@..#.......##....
........#.....#....#.......##....
........#.....#....#........#....
........#.....#....#........#....


You could see Sigmund and an adder.

Vanquished Creatures
  Grinder (Sewer)
  A kobold brigand (Sewer)
  2 necrophages (Sewer)
  A scorpion (D:4)
  2 orc wizards (D:4)
  2 adders (D:2)
  A bombardier beetle (D:4)
  3 shadow imps (Sewer)
  3 ufetubi (Sewer)
  A worm (D:2)
  2 dart slugs (D:1)
  2 orcs (D:4)
  10 ball pythons
  8 endoplasms
  4 giant cockroaches
  9 goblins
  6 hobgoblins
  6 jackals
  A quokka (D:3)
  8 bats
  A frilled lizard (D:2)
  23 kobolds
  2 kobold zombies (Sewer)
  8 rats
107 creatures vanquished.

Notes
Turn   | Place    | Note
-------+----------+-------------------------------------------
     0 | D:1      | gohu the Minotaur Fighter began the quest for the Orb.
     0 | D:1      | Reached XP level 1. HP: 19/19 MP: 0/0
    59 | D:1      | Reached XP level 2. HP: 19/27 MP: 1/1
   199 | D:1      | Found a faded altar of an unknown god.
   242 | D:1      | Reached skill level 3 in Maces & Flails
   303 | D:1      | Reached XP level 3. HP: 33/33 MP: 2/2
   604 | D:3      | You fall into a shaft and drop 2 floors!
   604 | D:5      | Entered Level 5 of the Dungeon
   671 | D:3      | Found a sacrificial altar of Ru.
   722 | D:3      | Found a glowing drain.
   740 | Sewer    | Entered a sewer
   855 | Sewer    | Reached XP level 4. HP: 35/41 MP: 3/3
   865 | Sewer    | Reached skill level 4 in Maces & Flails
   963 | Sewer    | Found an ancient bone altar of Kikubaaqudgha.
   963 | Sewer    | Noticed a necrophage
   972 | Sewer    | Noticed a kobold brigand
   974 | Sewer    | Noticed Grinder
   978 | Sewer    | Killed a necrophage
   979 | Sewer    | Reached XP level 5. HP: 29/47 MP: 4/4
   984 | Sewer    | Reached skill level 5 in Fighting
   984 | Sewer    | Reached skill level 5 in Maces & Flails
   992 | Sewer    | Killed Grinder
   993 | Sewer    | Reached skill level 6 in Maces & Flails
   993 | Sewer    | Reached XP level 6. HP: 7/56 MP: 5/5
  1468 | D:2      | Reached XP level 7. HP: 62/62 MP: 6/6
  1613 | D:2      | Found a stormy altar of Qazlal.
  2797 | D:4      | Found a radiant altar of Vehumet.
  2821 | D:4      | Found a staircase to the Ecumenical Temple.
  2839 | Temple   | Entered the Ecumenical Temple
  2858 | Temple   | Became a worshipper of Warmaster Okawaru
  3403 | D:4      | Reached skill level 7 in Maces & Flails
  3695 | D:4      | Noticed Sigmund
  3786 | D:4      | HP: 3/63 [ogre/+0 giant club (16)]
  3791 | D:4      | Killed from afar by Sigmund

Illustrated notes

Levels and vault maps discovered:
D:1:      orjb1_clovarrival, layout_rooms,
          shapermc_ecumenical_altar_starsandcircs, corexii_corridor_pit
D:2:      layout_rooms, basic_altar, nicolae_twisty_statue_hallways
D:3:      minmay_angry_zag, layout_rooms, nicolae_overflow_crystal_walls,
          serial_co_window_serial, co_window_paths_a, co_window_paths_a,
          co_window_cross_1, co_window_paths_a, co_window_paths_a,
          co_window_corner_a, co_window_paths_c, co_window_broadway_c,
          co_window_paths_c, co_window_corner_cb, co_window_paths_c,
          co_window_corner_ca, co_window_paths_d, glass_columns_a,
          glass_columns_c, glass_columns_a, portal_sewer_entry_b
D:4:      layout_gridville, nicolae_vehumet_radiance, temple_pool_b,
          minmay_misc_feat_rugged, grunt_ministairs_14, uniq_sigmund
D:5:      layout_rooms, kennysheep_mini, serial_shops,
          nicolae_shop_bloodbath_and_beyond
Temple:   nicolae_temple_god_jail

Skill      XL: |  1  2  3  4  5  6  7 |
---------------+----------------------+-----
Fighting       | 4 5 6 |  6.1
Maces & Flails | 3 4 6 7 |  7.4
Armour         | 4 |  4.8
Shields        | 4 |  4.7
Throwing       | |  0.1

Action                     |  1- 3 |  4- 6 |  7- 9 || total
---------------------------+-------+-------+-------++-------
  Melee: Flail             |    93 |    66 |    55 ||   214
         Headbutt          |     9 |     9 |     9 ||    27
  Throw: Boomerang         |       |       |     5 ||     5
    Use: Scroll            |     2 |       |       ||     2
         Potion            |       |     1 |       ||     1
 Armour: Scale mail        |    75 |    74 |    62 ||   211
  Dodge: Dodged            |    43 |    35 |    24 ||   102
  Block: Buckler           |    33 |    27 |    15 ||    75

Table legend: (Time is in decaauts)
 A = Elapsed time spent in this place.
 B = Non-inter-level travel time spent in this place.
 C = Inter-level travel time spent in this place.
 D = Time resting spent in this place.
 E = Time spent auto-exploring this place.
 F = Levels seen in this place.
 G = Mean time per level.
                   A        B        C        D        E       F      G
               +--------+--------+--------+--------+--------+-----+--------+
         Total |   3864 |   3657 |    207 |      0 |   2707 |   7 |  552.0 |
       Dungeon |   3185 |   2992 |    193 |      0 |   2279 |   5 |  637.0 |
        Temple |     33 |     19 |     14 |      0 |      0 |   1 |   33.0 |
         Sewer |    645 |    645 |      0 |      0 |    427 |   1 |  645.0 |
               +--------+--------+--------+--------+--------+-----+--------+

Top non-repeatable levels by time:
     D:3: 1072 daAuts
     D:4: 1068 daAuts
   Sewer: 645 daAuts
     D:1: 549 daAuts
     D:2: 486 daAuts
  Temple: 33 daAuts
     D:5: 9 daAuts
